 Dungeon Crawl Stone Soup version 0.28.0-45-g0d030f2227 (webtiles) character file.

Game seed: 7615322558291427694

251 GigaChad the Covered (level 5, -9/47 HPs)
             Began as a Minotaur Fighter on Apr 14, 2022.
             Was an Initiate of Ashenzari.
             Mangled by Blork the orc
             ... wielding a +0 halberd
              (24 damage)
             ... on level 4 of the Dungeon.
             The game lasted 00:06:25 (1980 turns).

GigaChad the Covered (Minotaur Fighter)             Turns: 1980, Time: 00:06:27

Health: -9/47      AC:  7    Str: 21    XL:     5   Next: 88%
Magic:  4/4        EV:  9    Int:  5    God:    Ashenzari [......]
Gold:   67         SH:  5    Dex: 11    Spells: 4/4 levels left

rFire   . . .      SeeInvis .   a - +0 long sword "Overhang to Understand" {Melee, Comp} (curse)
rCold   . . .      Faith    .   c - +0 buckler
rNeg    . . .      Spirit   .   b - +0 scale mail
rPois   .          Reflect  .   (helmet restricted)
rElec   .          Harm     .   (no cloak)
rCorr   .          Rampage  .   (no gloves)
Will    .....                   (no boots)
Stlth   ..........              (no amulet)
HPRegen 0.15/turn               (no ring)
MPRegen 0.09/turn               (no ring)

@: no status effects
A: horns 2, retaliatory headbutt
a: Renounce Religion, Curse Item, Shatter the Chains


You were on level 4 of the Dungeon.
You worshipped Ashenzari.
Ashenzari was noncommittal.
You visited 1 branch of the dungeon, and saw 4 of its levels.

You collected 67 gold pieces.

Inventory:

Hand Weapons
 a - the cursed +0 long sword "Overhang to Understand" (weapon) {Melee, Comp}

   It has a curse which improves the following skills: Melee Combat: Short
   Blades, Long Blades, Axes, Maces & Flails, Polearms, Staves and Unarmed
   Combat.
   Companions: Summonings and Necromancy.
Missiles
 g - 25 sling bullets
Armour
 b - a +0 scale mail (worn)
 c - a +0 buckler (worn)
Scrolls
 e - 3 scrolls of identify {unknown}
 j - a scroll of enchant weapon
 k - a scroll of teleportation
 n - a scroll of noise {unknown}
Potions
 d - a potion of might
 f - a potion of haste {unknown}
 h - 2 potions of magic {unknown}
 i - a potion of degeneration {unknown}
 l - a potion of attraction {unknown}
 m - a potion of invisibility {unknown}


   Skills:
 + Level 4.8 Fighting
 + Level 4.4(4.9) Long Blades
 + Level 5.0 Armour
 + Level 0.9 Dodging
 + Level 0.1 Stealth
 + Level 4.8 Shields


You had 4 spell levels left.
You didn't know any spells.
Your spell library contained the following spells:

 Spells                   Type           Power      Damage    Failure   Level
 Sandblast                Erth           0%         2d4       87%         1
 Passwall                 Tmut/Erth      0%         N/A       95%         2
 Stone Arrow              Conj/Erth      0%         3d7       99%         3
 Dispel Undead            Necr           0%         3d6       100%        4
 Borgnjor's Vile Clutch   Necr/Erth      0%         N/A       100%        5
 Eringya's Noxious Bog    Tmut/Pois      0%         N/A       100%        6


Dungeon Overview and Level Annotations

Branches:
Dungeon (4/15)
 Temple: D:4-7

Altars:
Ashenzari

Annotations:
D:4 Blork the orc


Innate Abilities, Weirdness & Mutations

You have a pair of horns on your head.
You reflexively headbutt those who attack you in melee.


Message History

Found a club.
An endoplasm comes into view.
The endoplasm quivers.
You barely miss the endoplasm. You headbutt the endoplasm.
The endoplasm is moderately wounded.
The endoplasm freezes you.
You are frozen.
The endoplasm freezes you.
You are frozen.
You barely miss the endoplasm. You headbutt the endoplasm.
You kill the endoplasm!
Blork the orc and a hound skeleton come into view.
Blork the orc shouts!
You see here a +0 club.
The hound skeleton bites you but does no damage.
Blork the orc gestures at you while chanting.
The puff of frost hits you.
The hound skeleton bites you but does no damage.
Blork the orc drinks a potion.
Blork the orc seems to grow stronger.
You see here a +0 club.
The hound skeleton bites you. You block Blork the orc's attack.
You hit Blork the orc.
Blork the orc is lightly wounded.
The hound skeleton bites you but does no damage.
Blork the orc hits you with a +0 halberd!!
* * * LOW HITPOINT WARNING * * *
You hit Blork the orc.
Blork the orc is lightly wounded.
The hound skeleton bites you but does no damage.
Blork the orc barely misses you. The hound skeleton misses you.
You hit Blork the orc. You headbutt Blork the orc.
Blork the orc is moderately wounded.
You block the hound skeleton's attack. Blork the orc closely misses you.
You barely miss Blork the orc.
Blork the orc is moderately wounded.
The hound skeleton barely misses you. You furiously retaliate!
You headbutt the hound skeleton.
Blork the orc hits you with a +0 halberd!!
Ouch! That really hurt!
You die...

##### .... # ..#
.# #.##.#####
#########........#
#........Z.#
#.#######@##
#.#####.## #.o...#
.........##
#..####
#.###.....## #..#
#.......# #...
##.....## #..#
##>..## #..# ##.##
#..#
#####.######.##


You could see Blork the orc (strong) and a hound skeleton.

Vanquished Creatures
  2 scorpions
  A bullfrog skeleton (D:3)
  Natasha (twice) (D:2)
  An adder (D:3)
  A dart slug (D:4)
  5 endoplasms
  4 giant cockroaches
  5 goblins
  7 hobgoblins
  4 jackals (D:1)
  2 kobolds
  2 ball pythons (D:2)
  6 bats
  5 frilled lizards
  6 rats
53 creatures vanquished.

Notes
Turn   | Place    | Note
-------+----------+-------------------------------------------
     0 | D:1      | GigaChad the Minotaur Fighter began the quest for the Orb.
     0 | D:1      | Reached XP level 1. HP: 19/19 MP: 0/0
   321 | D:1      | Reached XP level 2. HP: 27/27 MP: 1/1
   340 | D:1      | Reached skill level 4 in Armour
   377 | D:1      | Found a faded altar of an unknown god.
   411 | D:1      | Prayed at the altar of an unknown god.
   411 | D:1      | Became a worshipper of Ashenzari the Shackled
  1004 | D:2      | Noticed a scorpion
  1016 | D:2      | Killed a scorpion
  1017 | D:2      | Reached XP level 3. HP: 26/34 MP: 2/2
  1017 | D:2      | Reached XP level 4. HP: 32/41 MP: 3/3
  1073 | D:2      | Noticed Natasha
  1082 | D:2      | Killed Natasha
  1253 | D:2      | Noticed Natasha
  1259 | D:2      | Killed Natasha
  1260 | D:2      | Reached XP level 5. HP: 44/47 MP: 4/4
  1427 | D:3      | Got the Collected Works on Black Secrets and Poisoning
  1542 | D:3      | Reached skill level 5 in Armour
  1973 | D:4      | Noticed Blork the orc
  1980 | D:4      | Mangled by Blork the orc

Illustrated notes

Levels and vault maps discovered:
D:1:      ebering_trefoil_3fold, layout_basic, ebering_ecumenical_altar_mist
D:2:      layout_loops_ring, kennysheep_generic_room_10, uniq_natasha
D:3:      layout_loops_cross, kennysheep_generic_room_6, uniq_crazy_yiuf_cottage
D:4:      layout_loops_ring, uniq_grinder, uniq_blork_the_orc

Skill      XL: |  1  2  3  4  5 |
---------------+----------------+-----
Armour         | 4 5 |  5.0
Fighting       | 4 |  4.8
Long Blades    | 3 4 |  4.4
Shields        | 4 |  4.8
Dodging        | |  0.9
Stealth        | |  0.1

Action                   |  1- 3 |  4- 6 || total
-------------------------+-------+-------++-------
Melee: Long sword        |    55 |    67 ||   122
       Headbutt          |     9 |    13 ||    22
Invok: Curse Item        |       |     1 ||     1
  Use: Scroll            |       |     3 ||     3
Armor: Scale mail        |    38 |    42 ||    80
Dodge: Dodged            |    48 |    33 ||    81
Block: Buckler           |    21 |    15 ||    36
